 Dungeon Crawl Stone Soup version 0.19.1 (webtiles) character file.

141 RedPan the Shield-Bearer (level 5, -1/46 HPs)
             Began as a Minotaur Fighter on Dec 24, 2016.
             Succumbed to Ijyb's poison
             ... on level 3 of the Dungeon.
             The game lasted 00:06:51 (1563 turns).

RedPan the Shield-Bearer (Minotaur Fighter)         Turns: 1563, Time: 00:06:51

Health: -1/46      AC:  9    Str: 26    XL:     5   Next: 3%
Magic:  3/4        EV:  6    Int:  5    God:
Gold:   85         SH: 10    Dex: 10    Spells: 0 memorised, 4 levels left

rFire  + . .     SeeInvis .     a - +0 long sword
rCold  + . .     Gourm    .     r - +0 chain mail
rNeg   . . .     Faith    .     c - +0 shield
rPois  +         Spirit   +     (helmet restricted)
rElec  +         Reflect  .     (no cloak)
rCorr  +         Harm     .     (no gloves)
MR     .....                    (no boots)
Stlth  ..........               o - amulet of guardian spirit
                                (no ring)
                                (no ring)

@: mighty, lethally poisoned (-1 -> -23), resistant
A: retaliatory headbutt, horns 2
a: no special abilities


You were on level 3 of the Dungeon.
You were hungry.

You visited 1 branch of the dungeon, and saw 3 of its levels.

You collected 85 gold pieces.

Inventory:

Hand Weapons
 a - a +0 long sword (weapon)
Armour
 c - a +0 shield (worn)
 r - a +0 chain mail (worn)
Jewellery
 o - an amulet of guardian spirit (around neck)
Scrolls
 b - a scroll of blinking {unknown}
 l - a scroll of enchant armour {unknown}
 m - 3 scrolls of remove curse {unknown}
 n - 2 scrolls of identify {unknown}
 p - a scroll of enchant weapon {unknown}
 q - a scroll of immolation {unknown}
Potions
 d - 2 potions of might
 h - a potion of resistance
Comestibles
 f - 2 bread rations
 g - 3 meat rations
 i - 3 chunks of flesh


   Skills:
 - Level 3.7 Fighting
 + Level 4.7 Long Blades
 - Level 3.8 Armour
 + Level 5.2 Shields


You had 4 spell levels left.
You didn't know any spells.

Dungeon Overview and Level Annotations

Branches:
Dungeon (3/15)

Altars:


Innate Abilities, Weirdness & Mutations

You reflexively headbutt those who attack you in melee.
You have a pair of horns on your head.


Message History

Ijyb is almost dead.
* * * LOW HITPOINT WARNING * * *
You feel very sick.
Ijyb zaps a wand.
The puff of flame hits you!
You closely miss Ijyb.
Ijyb is almost dead.
* * * LOW HITPOINT WARNING * * *
You feel sick. Ijyb closely misses you.
You closely miss Ijyb.
Ijyb is almost dead.
* * * LOW HITPOINT WARNING * * *
You feel very sick. Ijyb hits you but does no damage.
The rat barely misses you. You furiously retaliate!
You headbutt the rat, but do no damage.
You riposte.
You hit the rat.
You kill the rat!
You hit Ijyb.
You kill Ijyb!
You have reached level 5!
You die...

# ##.#..#. ##!.
...... ##...
#.#..# #....#
...<## #....#
>...
#.:...####.#
#.#.....<###
#.....)....#
###†@###.......
#.)# ###......
#..# ####.#
#..# # #...
##.# #.# #.#


There were no monsters in sight!

Vanquished Creatures
  Ijyb (D:3)
  3 adders (D:2)
  6 worms (D:2)
  2 dart slugs (D:1)
  2 leopard geckos (D:1)
  2 ball pythons
  2 giant cockroaches
  5 goblins
  9 hobgoblins
  9 jackals (D:1)
  8 kobolds
  5 bats
  6 frilled lizards
  6 rats
66 creatures vanquished.

Notes
Turn   | Place    | Note
-------+----------+-------------------------------------------
     0 | D:1      | RedPan the Minotaur Fighter began the quest for the Orb.
     0 | D:1      | Reached XP level 1. HP: 19/19 MP: 0/0
   284 | D:1      | Reached XP level 2. HP: 27/27 MP: 1/1
   287 | D:1      | Reached skill level 4 in Shields
   436 | D:1      | Reached XP level 3. HP: 27/33 MP: 2/2
   902 | D:2      | Reached XP level 4. HP: 40/40 MP: 3/3
  1243 | D:2      | Reached skill level 5 in Shields
  1548 | D:3      | Noticed Ijyb
  1562 | D:3      | HP: 1/40 [poisoned by Ijyb]
  1563 | D:3      | Killed Ijyb
  1563 | D:3      | Reached XP level 5. HP: 1/46 MP: 2/4
  1563 | D:3      | Succumbed to Ijyb's poison

Skill      XL: |  1  2  3  4 |
---------------+-------------+-----
Shields        | 4 5 |  5.2
Long Blades    | 3 4 |  4.7
Fighting       | |  3.7
Armour         | |  3.8

Action                   |  1- 3 |  4- 6 || total
-------------------------+-------+-------++-------
Melee: Long sword        |   117 |    59 ||   176
       Headbutt          |    20 |     7 ||    27
  Use: Potion            |       |     8 ||     8
  Eat: Chunk             |       |     2 ||     2
Armor: Scale mail        |    67 |     7 ||    74
       Chain mail        |       |    20 ||    20
Dodge: Dodged            |    39 |    11 ||    50
Block: Shield            |    75 |    16 ||    91
       Rpst.: Long sword |    13 |     4 ||    17
